 Dungeon Crawl Stone Soup version 0.29-a0-303-ge4682ce883 (webtiles) character file.

Game seed: 14369192601612515068

784 kae the Firebug (level 7, 0/40 HPs)
             Began as a Tengu Fire Elementalist on Mar 25, 2022.
             Was an Initiate of Vehumet.
             Succumbed to a kobold's poison
             ... on level 4 of the Dungeon.
             The game lasted 00:04:08 (6159 turns).

kae the Firebug (Tengu Fire Elementalist)           Turns: 6159, Time: 00:04:09

Health: 0/40       AC:  2    Str: 15    XL:     7   Next: 86%
Magic:  5/13       EV: 16    Int: 18    God:    Vehumet [......]
Gold:   214        SH:  0    Dex: 14    Spells: 6/12 levels left

rFire   . . .      SeeInvis .   j - +9 war axe of Ancient Evil {vorpal, rC- Str+7}
rCold   x . .      Faith    .   (no shield)
rNeg    . . .      Spirit   .   a - +0 robe
rPois   .          Reflect  .   (helmet restricted)
rElec   .          Harm     .   (no cloak)
rCorr   +          Rampage  .   (no gloves)
Will    .....                   (boots unavailable)
Stlth   ++........              (no amulet)
HPRegen 0.13/turn               e - ring of resist corrosion
MPRegen 0.13/turn               (no ring)

@: lethally poisoned (0 -> -8), flying quickly and evasively, very slightly
contaminated, quick
A: beak, talons 3, nimble flight
a: Renounce Religion


You were on level 4 of the Dungeon.
You worshipped Vehumet.
Vehumet was noncommittal.
You visited 2 branches of the dungeon, and saw 5 of its levels.

You collected 214 gold pieces.

Inventory:

Hand Weapons
 c - a +0 short sword
 i - a +3 vampiric hand axe
 j - the +9 war axe of Ancient Evil (weapon) {vorpal, rC- Str+7}
   (You found it on level 3 of the Dungeon)

   It inflicts extra damage upon your enemies.
   Str:       It affects your strength (+7).
   rC:        It makes you vulnerable to cold.
Missiles
 h - a throwing net
Armour
 a - a +0 robe (worn)
Jewellery
 e - a ring of resist corrosion (left hand)
 n - an amulet of faith
Wands
 d - a wand of polymorph (10)
Scrolls
 f - 2 scrolls of identify
 g - 2 scrolls of teleportation
 l - a scroll of vulnerability {unknown}
 m - a scroll of brand weapon {unknown}
 p - a scroll of fog {unknown}
 q - a scroll of enchant weapon
 r - 2 scrolls of noise {unknown}
 s - a scroll of amnesia {unknown}
Potions
 b - a potion of magic
 k - a potion of mutation


   Skills:
 + Level 2.8 Fighting
 + Level 3.1 Armour
 + Level 4.0 Dodging
 - Level 2.0 Stealth
 + Level 3.3 Spellcasting
 + Level 4.2 Conjurations
 * Level 6.1 Fire Magic


You had 6 spell levels left.
You knew the following spells:

 Your Spells              Type           Power      Damage    Failure   Level
a - Foxfire               Conj/Fire      84%        2x1d8     1%          1
b - Scorch                Fire           50%        2d8       1%          2
c - Conjure Flame         Conj/Fire      21%        6-21      5%          3

Your spell library contained the following spells:

 Spells                   Type           Power      Damage    Failure   Level
 Magic Dart               Conj           72%        1d6       2%          1
 Searing Ray              Conj           36%        2d5       4%          2
 Inner Flame              Hex/Fire       14%        N/A       14%         3
 Flame Wave               Conj/Fire      21%        2d7       19%         4
 Fulminant Prism          Conj/Hex       5%         3d7       54%         4


Dungeon Overview and Level Annotations

Branches:
Dungeon (4/15)             Temple (1/1) D:4

Altars:
Ashenzari
Cheibriados
Dithmenos
Elyvilon
Fedhas
Gozag
Hepliaklqana
Kikubaaqudgha
Makhleb
Nemelex Xobeh
Okawaru
Qazlal
Ru
Sif Muna
Trog
Uskayaw
Vehumet
Wu Jian
Xom
Yredelemnul
Zin
The Shining One

Annotations:
D:3 1 runed translucent door, Ajdolov's ghost, amateur MfGl


Innate Abilities, Weirdness & Mutations

You have a beak for a mouth.
You have claws for feet.
Your magical nature lets you fly swiftly and evasively.


Message History

The centaur hits you. The centaur closely misses you.
Casting: Scorch (safe; 1% risk of failure)
Confirm with . or Enter, or press ? or * to list all spells.
You miscast Scorch.
You are very lightly contaminated with residual magic.
Nothing appears to happen.
* * * LOW HITPOINT WARNING * * *
You feel very sick. The centaur hits you.
* * * LOW HITPOINT WARNING * * *
The centaur kicks you.
* * * LOW HITPOINT WARNING * * *
The kobold throws a poisoned dart.
The poisoned dart barely misses you.
It was a potion of curing.
You feel better. The centaur hits you.
* * * LOW HITPOINT WARNING * * *
The centaur misses you.
The kobold throws a poisoned dart.
The poisoned dart completely misses you.
The centaur barely misses you. The centaur kicks you.
* * * LOW HITPOINT WARNING * * *
You barely miss the centaur. Your kick misses the centaur.
You punch the centaur, but do no damage.
The centaur is severely wounded.
The centaur misses you. The centaur barely misses you.
The centaur closely misses you.
The centaur kicks you but does no damage.
You slash the centaur!
You kill the centaur!
Vehumet accepts your kill.
The kobold throws a poisoned dart.
The poisoned dart closely misses you.
Your Dodging skill increases to level 4!
Your Fire Magic skill increases to level 6!
The kobold throws a poisoned dart.
The poisoned dart hits you!
You are lethally poisoned!
Okay, then.
* * * LOW HITPOINT WARNING * * *
You feel sick.
You slash the kobold!
You kill the kobold!
Vehumet accepts your kill.
You die...

# ### #..# #### ..#
##.# #.# #.# #.# #.#
#.# #.# #.# #.# #.#
#.# #)# #.######
#@#########.#.....
#.#.............####
#..)..........###
###############


There were no monsters in sight!

Vanquished Creatures
  An orc warrior (D:2)
  A centaur (D:4)
  A necrophage (D:3)
  A scorpion (D:4)
  A hound (D:4)
  4 orc priests
  Jessica (D:2)
  Natasha (thrice) (D:2)
  An orc wizard (D:4)
  Terence (D:2)
  4 gnolls (D:2)
  5 adders
  2 worms (D:3)
  A dart slug (D:3)
  16 orcs
  4 endoplasms
  5 giant cockroaches
  4 goblins
  3 hobgoblins
  4 jackals (D:3)
  5 kobolds
  2 quokkas
  5 ball pythons
  5 bats
  4 frilled lizards
  4 rats
88 creatures vanquished.

Vanquished Creatures (others)
  An orc wizard (D:4)
  169 foxfires
170 creatures vanquished.

Grand Total: 258 creatures vanquished

Notes
Turn   | Place    | Note
-------+----------+-------------------------------------------
     0 | D:1      | kae the Tengu Fire Elementalist began the quest for the
                  | Orb.
     0 | D:1      | Reached XP level 1. HP: 10/10 MP: 4/4
   281 | D:1      | Reached XP level 2. HP: 15/15 MP: 4/6
  1145 | D:1      | Found a faded altar of an unknown god.
  1265 | D:2      | Noticed Jessica
  1271 | D:2      | Killed Jessica
  1272 | D:2      | Reached skill level 1 in Armour
  1272 | D:2      | Reached skill level 4 in Fire Magic
  1272 | D:2      | Reached XP level 3. HP: 20/20 MP: 2/7
  1275 | D:2      | Learned a level 2 spell: Scorch
  1279 | D:2      | Learned a level 3 spell: Conjure Flame
  1600 | D:2      | Reached XP level 4. HP: 24/24 MP: 4/8
  1649 | D:2      | Reached skill level 1 in Fighting
  2144 | D:2      | Noticed Natasha
  2152 | D:2      | Killed Natasha
  2153 | D:2      | Gained mutation: Your magical nature lets you fly swiftly
                  | and evasively. [Tengu growth]
  2153 | D:2      | Reached XP level 5. HP: 29/29 MP: 3/9
  2420 | D:2      | Noticed Terence
  2533 | D:2      | Noticed Natasha
  2538 | D:2      | Killed Natasha
  2612 | D:2      | Noticed Natasha
  2615 | D:2      | Killed Natasha
  2696 | D:2      | Killed Terence
  2877 | D:3      | Noticed an orc warrior
  2980 | D:3      | Found a runed translucent door.
  2986 | D:3      | Noticed Ajdolov's ghost (amateur MfGl)
  3158 | D:3      | Identified the +9 war axe of Ancient Evil {vorpal, rC-
                  | Str+7}
  3232 | D:3      | Reached XP level 6. HP: 32/35 MP: 9/11
  3290 | D:3      | Reached skill level 5 in Fire Magic
  4124 | D:2      | Killed an orc warrior
  4125 | D:2      | Reached XP level 7. HP: 31/40 MP: 0/12
  4363 | D:3      | Found a hide-covered altar of Uskayaw.
  4627 | D:4      | Found a staircase to the Ecumenical Temple.
  4664 | Temple   | Entered the Ecumenical Temple
  4836 | Temple   | Became a worshipper of Vehumet
  6157 | D:4      | Reached skill level 6 in Fire Magic
  6158 | D:4      | HP: 2/40 [poisoned by a kobold]
  6159 | D:4      | Succumbed to a kobold's poison

Illustrated notes

Levels and vault maps discovered:
D:1:      amcnicky_arrival_single_pillar, layout_loops_ring,
          chequers_ecumenical_altar_twisty
D:2:      layout_loops_ring, chequers_serial_rivers_micro_d, uniq_terence,
          uniq_natasha, uniq_jessica
D:3:      layout_loops_ring, mainiacjoe_overflow_alcove_1,
          ebering_ghost_inner_flame, minmay_misc_feat_rows
D:4:      layout_loops_ring, minmay_temple_entry_wispy
Temple:   kilobyte_greek_temple

Skill      XL: |  1  2  3  4  5  6  7 |
---------------+----------------------+-----
Armour         | 1 2 3 |  3.1
Conjurations   | 2 3 4 |  4.2
Fire Magic     | 4 5 6 |  6.1
Fighting       | 1 2 |  2.8
Dodging        | 3 4 |  4.0
Spellcasting   | 3 |  3.3
Stealth        | |  2.0

Action                   |  1- 3 |  4- 6 |  7- 9 || total
-------------------------+-------+-------+-------++-------
Melee: Short sword       |     9 |     6 |       ||    15
       Peck              |     3 |     2 |     2 ||     7
       Kick              |     1 |     5 |     4 ||    10
       Hand axe          |       |    10 |       ||    10
       War axe           |       |    14 |    34 ||    48
       Punch             |       |       |     1 ||     1
 Cast: Foxfire           |    38 |    56 |     7 ||   101
       Scorch            |     1 |    20 |    13 ||    34
       Conjure Flame     |       |     3 |       ||     3
  Use: Scroll            |     2 |     1 |     1 ||     4
       Potion            |     1 |       |     1 ||     2
 Stab: Sleeping          |     1 |     1 |     1 ||     3
Armor: Robe              |     2 |     7 |     9 ||    18
Dodge: Dodged            |    11 |    46 |    54 ||   111

Table legend: (Time is in decaauts)
 A = Elapsed time spent in this place.
 B = Non-inter-level travel time spent in this place.
 C = Inter-level travel time spent in this place.
 D = Time resting spent in this place.
 E = Time spent auto-exploring this place.
 F = Levels seen in this place.
 G = Mean time per level.
                   A        B        C        D        E       F      G
               +--------+--------+--------+--------+--------+-----+--------+
         Total |   6009 |   5822 |    187 |    990 |   3962 |   5 | 1201.8 |
       Dungeon |   5818 |   5666 |    152 |    990 |   3814 |   4 | 1454.5 |
        Temple |    191 |    156 |     35 |      0 |    147 |   1 |  191.0 |
               +--------+--------+--------+--------+--------+-----+--------+

Top non-repeatable levels by time:
     D:2: 1886 daAuts
     D:1: 1395 daAuts
     D:3: 1341 daAuts
     D:4: 1193 daAuts
  Temple: 191 daAuts
